 Dungeon Crawl Stone Soup version 0.19.1-1-g22dce08 (webtiles) character file.

18743 Peloso the Carver (level 12, -4/105 HPs)
             Began as a Ghoul Gladiator on Dec 30, 2016.
             Was a High Priest of Okawaru.
             Killed from afar by a manticore (18 damage)
             ... with a volley of spikes
             ... on level 12 of the Dungeon.
             The game lasted 01:07:35 (13262 turns).

Peloso the Carver (Ghoul Gladiator)                Turns: 13262, Time: 01:07:36

Health: -4/105     AC: 26    Str: 21    XL:     12   Next: 61%
Magic:  10/11      EV:  7    Int:  3    God:    Okawaru [*****.]
Gold:   750        SH: 11    Dex: 15    Spells: 0 memorised, 11 levels left

rFire  . . .     SeeInvis .     T - +2 scimitar (flame)
rCold  + . .     Gourm    .     U - +4 plate armour {MR+}
rNeg   + + +     Faith    +     w - +0 shield {AC+3}
rPois  ∞         Spirit   .     Q - +2 hat
rElec  .         Reflect  .     m - +1 cloak {MR+}
rCorr  .         Harm     .     M - +0 pair of gloves (curse)
MR     ++...                    (no boots)
Stlth  ..........               R - amulet of faith
                                g - +3 ring of dexterity
                                E - +2 ring of slaying

@: barbed spikes, very slightly contaminated, rotting
A: rotting body, claws 1, carnivore 3, cold resistance 1, negative energy
resistance 3, slow regeneration 1, torment resistance, unbreathing
a: Heroism, Finesse, Renounce Religion


You were on level 12 of the Dungeon.
You worshipped Okawaru.
Okawaru was extremely pleased with you.
You were not hungry.

You visited 2 branches of the dungeon, and saw 13 of its levels.
You also visited: Sewer and Bailey.

You collected 750 gold pieces.

Inventory:

Hand Weapons
 u - a +0 spear of flaming
 A - a +3 long sword of freezing
 N - a +2 long sword of venom
 T - a +2 scimitar of flaming (weapon)
Missiles
 d - 3 throwing nets (quivered)
Armour
 b - a +0 leather armour
 k - the +1 robe of the Will of the Gods {-Tele rF++}
   (You found it in a bailey)

   It greatly protects you from fire.
   It prevents most forms of teleportation.
 l - the +2 pair of gloves of Pessimism {Int+2, unknown}
   (Okawaru gifted it to you on level 12 of the Dungeon)

   It affects your intelligence (+2).
 m - a +1 cloak of magic resistance (worn)
 n - a +3 plate armour
 w - a +0 shield of protection (worn)
 M - a cursed +0 pair of gloves (worn)
 O - a +1 plate armour of fire resistance
 Q - a +2 hat (worn)
 U - a +4 plate armour of magic resistance (worn)
Jewellery
 g - a +3 ring of dexterity (right hand)
 q - an uncursed ring of stealth
 y - a +2 ring of dexterity
 E - a +2 ring of slaying (left hand)
 I - an uncursed amulet of harm {unknown}
 R - an amulet of faith (around neck)
Wands
 v - a wand of iceblast (0/15)
 G - a wand of digging (21/24)
 J - a wand of disintegration (11/24)
 S - a wand of flame (28/48)
Scrolls
 a - 2 scrolls of enchant weapon
 i - 2 scrolls of blinking
 o - a scroll of enchant armour
 p - 10 scrolls of remove curse
 B - 5 scrolls of fog
 C - 2 scrolls of magic mapping
 W - a scroll of identify
 Z - a scroll of teleportation
Potions
 e - 7 potions of curing
 h - 3 potions of lignification
 s - 3 potions of brilliance
 x - 3 potions of ambrosia
 z - 5 potions of heal wounds
 D - a potion of resistance {unknown}
 F - 2 potions of magic
 H - a potion of cure mutation
 K - a potion of cancellation
 L - 3 potions of haste
 X - a potion of might {unknown}
 Y - 3 potions of flight
Books
 P - a book of Callings

   Spells                             Type                      Level
   a - Summon Small Mammal            Summoning                    1
   b - Call Imp                       Summoning                    2
   c - Call Canine Familiar           Summoning                    3
   d - Summon Guardian Golem          Hexes/Summoning              3
   e - Summon Lightning Spire         Summoning/Air                4
   f - Summon Ice Beast               Ice/Summoning                4
 V - a book of Debilitation

   Spells                             Type                      Level
   a - Corona                         Hexes                        1
   b - Slow                           Hexes                        2
   c - Gell's Gravitas                Hexes/Translocation          3
   d - Inner Flame                    Hexes/Fire                   3
   e - Cause Fear                     Hexes                        4
   f - Leda's Liquefaction            Hexes/Earth                  4
Comestibles
 c - 20 chunks of flesh
 f - 9 meat rations
 j - 7 slices of pizza
 r - 6 beef jerkies
 t - 2 royal jellies


   Skills:
 + Level 9.4 Fighting
 + Level 12.5 Long Blades
 + Level 0.5 Polearms
 + Level 1.9 Throwing
 + Level 8.7 Armour
 + Level 4.1 Dodging
 + Level 1.4 Stealth
 + Level 7.0 Shields
 + Level 0.6 Evocations


You had 11 spell levels left.
You didn't know any spells.

Dungeon Overview and Level Annotations

Branches:
Dungeon (12/15)            Temple (1/1) D:7            Lair (0/6) D:10
    Orc (0/2) D:11

Altars:
Ashenzari
Gozag
Hepliaklqana
Makhleb
Okawaru
Sif Muna
Xom
Yredelemnul

Annotations:
D:5 5 runed doors


Innate Abilities, Weirdness & Mutations

Your body is rotting away.
You thrive on raw meat.
You are immune to poison.
You have sharp fingernails.
You are carnivorous and can eat meat at any time.
Your flesh is cold resistant. (rC+)
You are immune to negative energy. (rN+++)
You regenerate slowly when monsters are visible.
You are immune to unholy pain and torment.
You can survive without breathing.


Message History

The barbs in your skin will harm you if you move.
Continue?
Okay, then.
You feel much better.
The manticore flicks its tail.
The volley of spikes hits you!
The barbs in your skin will harm you if you move.
Continue?
The barbed spikes dig painfully into your body as you move.
* * * LOW HITPOINT WARNING * * *
You feel like a meek peon again.
The manticore flicks its tail.
The volley of spikes hits you!
A vampire mosquito comes into view.
The barbed spikes dig painfully into your body as you move.
* * * LOW HITPOINT WARNING * * *
The barbed spikes dig painfully into your body as you move.
* * * LOW HITPOINT WARNING * * *
The manticore flicks its tail.
The volley of spikes hits you!
The barbed spikes become lodged in your body.
You die...

. .. #.#)#................
[############.#.###.#............
(.l#.#.#.#.!.(#.#................
#...uou...#..#.#.#.##...........
#?.o....##...#.#.#..#..#####.##
#.....###.#o#...#.#.....#####+#
#...###..#lH.u..#.../.........
#..##..#.#.....##†.###........
[###.. .##.†....@...^......... #
... ..#...#.######.......... #.
..##.....# ....#..###+ #
..##......# #....##.#
##.#.......# #....# .#
#...##..... .....# .# #.###
.y...... .# #. ......... #
.##..#####


You could see a cyan ugly thing, a manticore, an orc warrior and an iguana.

Vanquished Creatures
  A hydra (D:10)
  Erolcha (D:9)
  Erica (D:9)
  The ghost of cuckmaster the Grappler, a novice TrWz of Nemelex Xobeh (D:11)
  A hill giant (D:11)
  4 ugly things
  A manticore (D:12)
  An elephant (D:10)
  3 trolls
  A meliai (shapeshifter) (D:12)
  A hornet (D:9)
  Grinder (D:3)
  A two-headed ogre (D:10)
  5 slime creatures (D:11)
  2 dream sheep (D:10)
  8 yaks
  2 vampires
  Eustachio (D:6)
  A hungry ghost (D:8)
  A mottled dragon (D:11)
  Duvessa (D:6)
  14 orc warriors
  2 ice beasts
  4 sky beasts
  8 ogres
  3 phantoms
  8 centaurs
  3 crocodiles
  7 big kobolds
  8 bullfrogs
  Blork the orc (D:4)
  A wyvern zombie (D:11)
  Dowan (D:6)
  A scorpion (D:7)
  13 killer bees
  10 wights
  5 howler monkeys
  6 crimson imps
  A bullfrog zombie (D:6)
  8 hounds
  3 jellies
  6 orc priests
  4 bullfrog skeletons
  3 centaur skeletons
  7 iguanas
  14 orc wizards
  6 worker ants
  2 hound skeletons
  A hound zombie (D:9)
  2 worker ant zombies
  Robin (D:2)
  13 gnolls
  10 adders
  11 river rats
  2 shadow imps
  2 adder skeletons
  2 adder zombies (D:9)
  5 worms
  2 dart slugs
  4 leopard geckos
  64 orcs
  10 ball pythons
  8 giant cockroaches
  20 goblins
  16 hobgoblins
  15 jackals
  24 kobolds
  6 quokkas
  9 bats
  3 frilled lizards (D:1)
  2 jackal skeletons (D:4)
  A leopard gecko skeleton (D:9)
  A leopard gecko zombie (D:6)
  A quokka skeleton (D:8)
  26 rats
449 creatures vanquished.

Vanquished Creatures (others)
  2 orcs (D:5)
2 creatures vanquished.

Grand Total: 451 creatures vanquished

Notes
Turn   | Place    | Note
-------+----------+-------------------------------------------
     0 | D:1      | Peloso the Ghoul Gladiator began the quest for the Orb.
     0 | D:1      | Reached XP level 1. HP: 17/17 MP: 0/0
   211 | D:1      | Reached XP level 2. HP: 19/24 MP: 1/1
   315 | D:1      | Reached skill level 3 in Long Blades
   471 | D:1      | Reached XP level 3. HP: 28/30 MP: 2/2
  1092 | D:2      | Reached XP level 4. HP: 36/36 MP: 3/3
  1110 | D:2      | Noticed Robin
  1418 | D:1      | Reached skill level 1 in Armour
  1445 | D:2      | Killed Robin
  1627 | D:2      | Reached XP level 5. HP: 31/45 MP: 4/4
  1881 | D:3      | Noticed Grinder
  1881 | D:3      | Paralysed by Grinder for 7 turns
  1921 | D:3      | Paralysed by Grinder for 2 turns
  1930 | D:3      | Paralysed by Grinder for 3 turns
  1935 | D:3      | Paralysed by Grinder for 4 turns
  1958 | D:3      | Killed Grinder
  1958 | D:3      | Reached skill level 4 in Long Blades
  1958 | D:3      | Reached XP level 6. HP: 11/52 MP: 5/5
  2443 | D:3      | Reached XP level 7. HP: 32/59 MP: 6/6
  2513 | D:3      | HP: 2/59 [orc priest/divine providence (13)]
  2999 | D:3      | Reached skill level 5 in Long Blades
  3718 | D:4      | Noticed Blork the orc
  3742 | D:4      | Killed Blork the orc
  3921 | D:4      | Reached skill level 6 in Long Blades
  3921 | D:4      | Reached XP level 8. HP: 67/67 MP: 7/7
  4093 | D:5      | Entered Level 5 of the Dungeon
  4266 | D:5      | Reached skill level 5 in Fighting
  4311 | D:5      | Reached skill level 7 in Long Blades
  4428 | D:5      | Found a runed gate.
  4430 | D:5      | Found a runed gate.
  4430 | D:5      | Found a runed gate.
  4447 | D:5      | Found a runed door.
  4458 | D:5      | Found a runed door.
  4966 | D:6      | Noticed Duvessa
  4966 | D:6      | Noticed Dowan
  4986 | D:6      | Killed Duvessa
  4986 | D:6      | Reached skill level 5 in Armour
  4986 | D:6      | Reached XP level 9. HP: 63/74 MP: 8/8
  4992 | D:6      | Killed Dowan
  5036 | D:6      | Found a glowing drain.
  5048 | D:6      | Reached skill level 8 in Long Blades
  5073 | Sewer    | Entered a sewer
  5379 | Sewer    | Reached skill level 1 in Shields
  5774 | D:6      | Noticed Eustachio
  5807 | D:6      | Killed Eustachio
  6098 | D:6      | Reached skill level 9 in Long Blades
  6263 | D:7      | Found a staircase to the Ecumenical Temple.
  6639 | D:6      | Identified a scroll of acquirement
  6802 | D:7      | Reached XP level 10. HP: 81/84 MP: 9/9
  7194 | Temple   | Entered the Ecumenical Temple
  7214 | Temple   | Became a worshipper of Warmaster Okawaru
  7791 | D:8      | Reached skill level 10 in Long Blades
  8009 | D:8      | Reached * piety under Okawaru
  8411 | D:9      | Noticed Erica
  8445 | D:9      | Killed Erica
  8445 | D:9      | Reached ** piety under Okawaru
  8559 | D:9      | Found a flagged portal.
  8597 | Bailey   | Entered a bailey
  8675 | Bailey   | Reached skill level 1 in Stealth
  8832 | Bailey   | Reached XP level 11. HP: 77/94 MP: 10/10
  9438 | Bailey   | Got a brightly glowing robe
  9789 | D:9      | Noticed Erolcha
  9799 | D:9      | Killed Erolcha
  9799 | D:9      | Reached *** piety under Okawaru
  9897 | D:9      | Received a gift from Okawaru
 10358 | D:10     | Entered Level 10 of the Dungeon
 10522 | D:10     | Reached skill level 5 in Shields
 10528 | D:10     | Reached skill level 11 in Long Blades
 10548 | D:10     | Found a staircase to the Lair.
 10858 | D:10     | Reached **** piety under Okawaru
 10913 | D:10     | Noticed a three-headed hydra
 10917 | D:10     | Killed a one-headed hydra
 10917 | D:10     | Reached ***** piety under Okawaru
 11184 | D:11     | Noticed cuckmaster's ghost (novice TrWz)
 11296 | D:11     | Killed cuckmaster's ghost
 11607 | D:11     | Noticed a brown ugly thing
 11626 | D:11     | Killed a brown ugly thing
 11626 | D:11     | Received a gift from Okawaru
 11626 | D:11     | Reached XP level 12. HP: 89/103 MP: 11/11
 11792 | D:11     | Reached skill level 12 in Long Blades
 12355 | D:11     | Found a staircase to the Orcish Mines.
 12999 | D:12     | Received a gift from Okawaru
 13002 | D:12     | Got a pair of ancient gloves {god gift}
 13013 | D:12     | Identified the +1 robe of the Will of the Gods {-Tele rF++} (You found it in a bailey)
 13262 | D:12     | Killed from afar by a manticore

Skill      XL: |  1  2  3  4  5  6  7  8  9 10 11 12 |
---------------+-------------------------------------+-----
Dodging        | 3 4 |  4.1
Long Blades    | 3 4 6 7 9 10 11 12 | 12.5
Armour         | 1 3 5 6 8 |  8.7
Fighting       | 3 4 5 6 7 8 9 |  9.4
Shields        | 2 4 6 7 |  7.0
Stealth        | 1 |  1.4
Polearms       | |  0.5
Throwing       | |  1.9
Evocations     | |  0.6

Action                   |  1- 3 |  4- 6 |  7- 9 | 10-12 || total
-------------------------+-------+-------+-------+-------++-------
Melee: Long sword        |   157 |   241 |   546 |   297 ||  1241
       Spear             |       |       |       |    28 ||    28
       Scimitar          |       |       |       |   547 ||   547
Invok: Heroism           |       |       |       |     1 ||     1
Evoke: Wand              |       |       |     1 |     5 ||     6
  Use: Scroll            |       |     7 |    17 |     4 ||    28
       Potion            |       |       |     3 |     9 ||    12
  Eat: Chunk             |     6 |    14 |    53 |    44 ||   117
Armor: Leather armour    |    15 |       |       |       ||    15
       Plate armour      |   117 |   188 |   389 |   604 ||  1298
Dodge: Dodged            |    83 |    83 |   207 |   237 ||   610
Block: Buckler           |       |       |    72 |   100 ||   172
       Shield            |       |       |       |   269 ||   269
       Rpst.: Long sword |    32 |    28 |    63 |    33 ||   156
       Scimitar          |       |       |       |    34 ||    34
